Map: Oxide LE

Players

Gerald - Winner!

  • Race: Protoss Protoss

ShaDoWn

  • Race: Protoss Protoss

Event: DreamHack SC2 Masters 2021 Winter

VOD

Have the link to the VOD?

Description

Time

  • Played on: Oct. 10, 2021, 2:59 p.m.
  • Length: 22:00

All games in this series

Show
View Real Time Build Order
Export as new Build Order

Gerald Protoss - Winner!

Build Orders: Oracle Opening, Carriers 

Get SALT Encoding   

  12  0:00  Probe  
  13  0:12  Probe  
  14  0:17  Pylon  
  14  0:24  Probe (Chrono Boost)  
  16  0:37  Gateway, Probe (Chrono Boost)  
  16  0:42  Probe (Chrono Boost)  
  16  0:46  Assimilator  
  17  0:52  Probe (Chrono Boost)  
  17  0:57  Assimilator  
  19  1:04  Probe (Chrono Boost)  
  19  1:09  Gateway  
  19  1:13  Probe (Chrono Boost)  
  20  1:18  Probe  
  20  1:24  Cybernetics Core  
  21  1:30  Probe  
  22  1:33  Pylon  
  22  1:42  Probe  
  23  1:54  Pylon  
  23  1:55  Probe  
  24  2:03  Stalker  
  24  2:04  Stalker, Warp Gate (Chrono Boost)  
  28  2:13  Pylon  
  29  2:20  Cybernetics Core  
  29  2:21  Probe  
  29  2:32  Pylon  
  29  2:40  Stargate  
  29  2:43  Probe  
  30  2:55  Probe  
  31  3:05  Shield Battery  
  31  3:07  Probe  
  32  3:18  Nexus  
  32  3:25  Oracle (Chrono Boost)  
  32  3:29  Probe  
  36  3:41  Probe, Pylon  
  36  3:46  Stalker  
  39  3:54  Shield Battery  
  39  4:00  Twilight Council  
  39  4:02  Probe  
  40  4:09  Stalker  
  42  4:14  Probe  
  43  4:26  Probe (Chrono Boost)  
  43  4:28  Stalker  
  46  4:32  Probe (Chrono Boost)  
  46  4:34  Blink (Chrono Boost)  
  48  4:38  Probe (Chrono Boost)  
  48  4:41  Stalker  
  50  4:46  Probe (Chrono Boost)  
  50  4:49  Probe  
  52  4:57  Probe, Forge  
  53  5:03  Gateway  
  53  5:04  Probe  
  54  5:07  Stalker  
  54  5:10  Probe  
  57  5:14  Stalker  
  57  5:18  Probe  
  60  5:22  Pylon  
  60  5:32  Protoss Ground Weapons Level 1 (Chrono Boost)  
  60  5:33  Probe  
  61  5:37  Pylon  
  61  5:44  Assimilator  
  61  5:47  Nexus  
  61  5:52  Stalker x2  
  61  5:56  Probe  
  66  5:58  Robotics Facility, Probe  
  67  6:07  Gateway  
  67  6:08  Probe  
  68  6:11  Probe  
  68  6:13  Pylon  
  69  6:20  Probe  
  69  6:23  Pylon  
  69  6:24  Probe  
  71  6:33  Probe  
  72  6:40  Stalker x2, Probe  
  72  6:41  Stalker  
  72  6:45  Probe  
  72  6:46  Observer  
  81  6:52  Probe  
  82  6:54  Shield Battery  
  82  6:57  Probe  
  83  7:02  Gateway x2  
  83  7:03  Gateway  
  83  7:04  Gateway, Probe  
  84  7:08  Charge  
  84  7:09  Probe  
  84  7:12  Observer  
  86  7:20  Zealot x4  
  95  7:22  Probe  
  95  7:23  Probe x2  
  95  7:24  Assimilator  
  97  7:32  Gateway, Templar Archives  
  97  7:34  Protoss Ground Weapons Level 2 (Chrono Boost)  
  97  7:35  Gateway  
  97  7:40  Pylon  
  97  7:48  Observer  
  98  7:57  Probe  
  99  7:58  Pylon  
  96  8:10  Zealot x2  
  96  8:11  Stalker  
  96  8:12  Stalker  
  102  8:15  Observer  
  102  8:18  Zealot x4  
  102  8:19  Probe  
  111  8:26  Warp Prism (Chrono Boost), Probe  
  112  8:27  Pylon  
  114  8:39  Zealot x2  
  114  8:40  Zealot  
  120  8:45  High Templar x3  
  120  8:46  Nexus, High Templar  
  128  8:50  Archon x2  
  128  8:57  Zealot x2  
  123  9:13  Stalker x2  
  123  9:14  Stalker x2  
  123  9:15  Pylon  
  131  9:20  Photon Cannon  
  131  9:21  Probe  
  131  9:22  Photon Cannon  
  132  9:30  Pylon  
  132  9:32  Pylon  
  132  9:36  Photon Cannon  
  132  9:37  Pylon  
  132  9:41  Zealot x4  
  140  9:53  Probe  
  140  9:54  Probe  
  140  9:55  Assimilator, Probe  
  140  9:57  Pylon  
  141  10:01  Zealot x2  
  141  10:02  Zealot x5  
  93  10:22  Zealot x9  
  84  10:37  High Templar  
  84  10:42  Probe x2  
  88  10:43  Photon Cannon  
  88  10:44  Shield Battery  
  88  10:45  High Templar x6  
  88  10:46  Observer  
  88  10:47  Zealot  
  88  10:48  Zealot  
  88  10:49  Archon x3  
  104  10:50  Zealot  
  104  10:51  Probe, Protoss Ground Weapons Level 3 (Chrono Boost)  
  104  10:54  Probe x2  
  109  10:57  Probe  
  109  11:02  Gateway  
  109  11:04  Probe  
  111  11:05  Gateway  
  111  11:10  Zealot x2, High Templar  
  111  11:11  Observer  
  117  11:12  Probe  
  117  11:16  Probe, Assimilator, Archon  
  117  11:17  Probe  
  120  11:19  Observer  
  120  11:23  Robotics Bay, Pylon  
  120  11:25  Observer  
  120  11:30  Zealot x5  
  130  11:38  Probe  
  131  11:40  Assimilator  
  131  11:42  Assimilator  
  131  11:43  High Templar x2, Pylon  
  131  11:44  Zealot x2  
  138  11:49  Archon  
  138  11:54  Shield Battery  
  138  11:56  Zealot x4  
  149  12:02  Stalker x3  
  150  12:14  Zealot x3  
  128  12:16  Void Ray (Chrono Boost)  
  128  12:17  Zealot x4, Disruptor (Chrono Boost)  
  143  12:31  Probe  
  143  12:33  Photon Cannon  
  143  12:34  High Templar x2, Shield Battery  
  148  12:37  Robotics Facility  
  148  12:39  Archon  
  148  12:40  Probe  
  148  12:43  Shield Battery  
  149  12:45  Pylon  
  149  12:46  Probe  
  149  12:47  Disruptor (Chrono Boost)  
  149  12:51  Pylon  
  153  12:54  Probe x2  
  153  12:57  Dark Shrine  
  155  13:01  Probe  
  156  13:06  Stalker x3  
  156  13:07  Stalker  
  164  13:15  Robotics Facility  
  164  13:17  Photon Cannon  
  164  13:18  Disruptor (Chrono Boost)  
  167  13:26  Nexus  
  167  13:27  Pylon  
  163  13:40  Stalker, Disruptor (Chrono Boost)  
  163  13:41  Stalker x2  
  172  13:50  Photon Cannon, Protoss Ground Armor Level 1 (Chrono Boost), Shield Battery  
  172  13:51  Probe  
  166  13:58  Disruptor (Chrono Boost)  
  166  14:00  Probe  
  167  14:06  Probe  
  167  14:08  Photon Cannon  
  167  14:09  Shield Battery  
  168  14:11  Observer (Chrono Boost)  
  168  14:15  Disruptor (Chrono Boost)  
  171  14:21  Photon Cannon  
  171  14:23  Gravitic Boosters (Chrono Boost), Shadow Stride, Shield Battery  
  171  14:25  Probe  
  171  14:26  Photon Cannon  
  172  14:32  Observer (Chrono Boost)  
  172  14:35  Observer (Chrono Boost)  
  172  14:37  Probe  
  175  14:38  Fleet Beacon  
  175  14:42  Stargate  
  175  14:44  Stargate  
  169  14:58  Stalker x4  
  175  15:10  Observer  
  176  15:16  Dark Templar x6  
  176  15:17  Zealot x2  
  189  15:22  Zealot x2  
  189  15:23  Zealot  
  188  15:30  Probe  
  188  15:32  Dark Templar  
  168  15:45  Probe  
  168  15:47  Assimilator  
  169  15:50  Assimilator  
  165  16:01  Zealot x6  
  165  16:02  Zealot x5  
  165  16:03  Disruptor (Chrono Boost)  
  189  16:06  Disruptor (Chrono Boost), Mothership  
  198  16:11  Observer  
  198  16:12  Probe  
  198  16:13  Probe  
  200  16:23  Nexus  
  200  16:24  Pylon  
  198  16:34  Probe  
  198  16:43  Observer (Chrono Boost)  
  198  16:46  Observer (Chrono Boost)  
  200  17:06  Disruptor  
  199  17:09  Pylon  
  199  17:14  Photon Cannon  
  195  17:16  Photon Cannon  
  195  17:17  Observer x2  
  178  17:37  Carrier x3 (Chrono Boost)  
  178  17:38  Probe  
  196  17:56  Protoss Shields Level 1 (Chrono Boost)  
  193  18:03  Protoss Air Weapons Level 1  
  187  18:24  Carrier  
  187  18:25  Observer x2  
  186  18:28  Photon Cannon  
  186  18:31  Shield Battery  
  186  18:33  Observer  
  199  18:34  Carrier  
  199  18:40  Nexus  
  199  18:46  Pylon  
  184  18:50  Disruptor (Chrono Boost)  
  184  18:51  Observer (Chrono Boost)  
  190  18:55  Stalker  
  190  18:56  Stalker x3  
  190  19:00  Disruptor (Chrono Boost)  
  196  19:07  Pylon  
  196  19:10  Assimilator  
  196  19:14  Assimilator  
  196  19:29  Carrier  
  197  19:41  Disruptor  
  195  19:53  Dark Templar x2  
  189  20:01  Carrier x2 (Chrono Boost)  
  183  20:08  Zealot x2  
  183  20:09  Zealot x6  
  195  20:18  Zealot x2  
  195  20:20  Disruptor  
  187  20:28  Probe x2  
  187  20:30  Probe  
  187  20:31  Probe  
  187  20:33  Probe  
  187  20:34  Photon Cannon  
  191  20:35  Photon Cannon  
  191  20:37  Photon Cannon  
  191  20:39  Shield Battery  
  191  20:40  Shield Battery  
  191  20:43  Shield Battery  
  191  20:45  Pylon  
  191  20:49  Carrier (Chrono Boost)  
  191  20:56  Dark Templar x4  
  195  21:11  Disruptor  
  177  21:31  Probe  
  175  21:41  Stalker  
  175  21:42  Stalker x11  
Show
View Real Time Build Order
Export as new Build Order

ShaDoWn Protoss 

Build Orders: Oracle Opening 

Get SALT Encoding   

  12  0:00  Probe  
  13  0:12  Probe  
  14  0:19  Pylon  
  14  0:24  Probe  
  15  0:37  Probe (Chrono Boost)  
  15  0:38  Gateway  
  16  0:46  Assimilator, Probe (Chrono Boost)  
  17  0:51  Probe  
  17  0:55  Assimilator  
  18  1:03  Probe (Chrono Boost)  
  19  1:05  Pylon  
  19  1:13  Probe (Chrono Boost)  
  19  1:18  Probe (Chrono Boost)  
  20  1:24  Cybernetics Core  
  21  1:30  Probe  
  21  1:31  Zealot  
  24  1:42  Probe  
  25  1:54  Probe  
  26  2:05  Stalker, Stargate  
  26  2:06  Probe  
  28  2:18  Probe  
  29  2:25  Pylon  
  29  2:30  Probe  
  29  2:35  Pylon  
  30  2:39  Warp Gate (Chrono Boost)  
  30  2:42  Probe  
  31  2:46  Oracle (Chrono Boost)  
  34  2:54  Probe  
  35  3:04  Gateway  
  35  3:07  Shield Battery  
  35  3:11  Stalker  
  37  3:31  Nexus  
  37  3:33  Probe  
  38  3:45  Twilight Council, Probe  
  39  3:58  Pylon  
  39  4:07  Forge  
  39  4:16  Probe  
  40  4:22  Stalker, Blink, Sentry  
  44  4:28  Probe (Chrono Boost)  
  45  4:36  Protoss Ground Weapons Level 1 (Chrono Boost)  
  46  4:40  Probe (Chrono Boost)  
  46  4:45  Probe (Chrono Boost)  
  47  4:46  Probe (Chrono Boost)  
  48  4:54  Probe  
  48  4:57  Probe  
  50  5:00  Stalker x2  
  50  5:06  Probe  
  55  5:09  Probe  
  56  5:18  Probe  
  56  5:21  Probe  
  58  5:25  Pylon  
  58  5:30  Probe  
  58  5:31  Gateway  
  58  5:33  Gateway  
  59  5:36  Probe  
  59  5:40  Stalker  
  62  5:44  Nexus  
  62  5:46  Sentry, Pylon  
  62  5:47  Probe  
  65  5:51  Shield Battery  
  65  5:52  Probe  
  66  5:59  Assimilator, Probe  
  67  6:04  Probe  
  67  6:09  Stalker x2  
  72  6:12  Probe  
  73  6:19  Probe  
  73  6:23  Charge  
  73  6:25  Probe, Shield Battery  
  75  6:30  Stalker  
  77  6:36  Stalker  
  77  6:41  Probe  
  77  6:44  Pylon  
  77  6:46  Pylon  
  78  6:55  Shield Battery  
  78  6:56  Stalker x2, Probe (Chrono Boost)  
  78  6:57  Probe (Chrono Boost)  
  78  6:59  Probe (Chrono Boost)  
  85  7:02  Stalker  
  85  7:08  Probe (Chrono Boost)  
  89  7:09  Probe (Chrono Boost)  
  89  7:10  Stalker  
  89  7:11  Probe (Chrono Boost)  
  89  7:15  Probe x2 (Chrono Boost)  
  90  7:16  Probe (Chrono Boost)  
  90  7:22  Adept x2, Probe  
  94  7:24  Pylon  
  94  7:27  Probe  
  98  7:30  Robotics Facility  
  98  7:31  Stalker  
  98  7:33  Probe  
  98  7:35  Stalker  
  103  7:38  Assimilator x2  
  103  7:43  Pylon  
  103  7:48  Protoss Ground Weapons Level 2 (Chrono Boost)  
  103  7:49  Gateway  
  103  7:50  Gateway  
  103  7:55  Gateway  
  103  8:04  Zealot x4  
  109  8:11  Probe  
  106  8:18  Gateway  
  106  8:21  Gateway  
  106  8:26  Templar Archives  
  104  8:30  Gateway  
  104  8:31  Gateway  
  104  8:32  Observer (Chrono Boost)  
  104  8:33  Zealot x4  
  111  8:41  Pylon  
  111  8:43  Pylon  
  111  8:45  Observer (Chrono Boost)  
  112  8:53  Stalker x4  
  112  8:54  Stalker  
  117  9:10  Zealot x2  
  117  9:14  Pylon x2  
  121  9:17  Assimilator  
  121  9:18  High Templar x2  
  121  9:19  High Templar x2  
  129  9:24  Archon x2  
  129  9:25  Nexus  
  129  9:27  Pylon  
  129  9:43  Zealot, High Templar x2  
  129  9:44  Zealot x2  
  139  9:47  Archon  
  135  9:54  Zealot x4  
  141  10:01  Pylon  
  141  10:02  Observer  
  141  10:04  Zealot x3  
  114  10:14  Zealot  
  114  10:15  Zealot x5  
  98  10:28  Probe  
  98  10:34  High Templar x4  
  98  10:35  High Templar  
  101  10:38  Warp Prism (Chrono Boost), Zealot x4  
  101  10:39  Probe  
  101  10:40  Archon x2, Probe x2  
  114  10:43  Protoss Ground Weapons Level 3 (Chrono Boost)  
  114  10:52  Probe  
  114  10:53  Probe  
  116  11:01  High Templar  
  116  11:02  Zealot x3  
  124  11:07  Observer (Chrono Boost)  
  124  11:11  Zealot x4, Archon  
  133  11:15  Pylon  
  133  11:23  High Templar x2  
  133  11:24  Zealot x2  
  141  11:26  Photon Cannon  
  141  11:28  Archon  
  141  11:29  Photon Cannon  
  141  11:35  Zealot x3  
  141  11:37  Photon Cannon  
  147  11:45  High Templar  
  147  11:46  High Templar  
  151  11:52  Archon  
  151  11:59  Zealot x7  
  133  12:17  Probe  
  133  12:20  Observer, Probe  
  133  12:22  Probe x2  
  123  12:24  High Templar x3  
  123  12:25  Zealot x5, High Templar  
  123  12:29  Probe, Archon x2  
  142  12:30  Assimilator x2  
  142  12:32  Probe  
  142  12:36  Robotics Facility  
  143  12:39  Robotics Bay  
  143  12:40  Shield Battery  
  144  12:51  Observer  
  144  13:03  Probe  
  139  13:10  Dark Shrine  
  139  13:11  Stalker x3  
  139  13:12  Photon Cannon, Stalker x2  
  149  13:21  Nexus  
  149  13:25  Zealot x3  
  149  13:26  Zealot  
  155  13:28  Pylon  
  155  13:33  Disruptor (Chrono Boost)  
  155  13:36  Disruptor (Chrono Boost)  
  161  13:42  Pylon  
  161  13:45  Pylon  
  161  13:46  Gravitic Boosters  
  161  13:52  Probe x4  
  165  13:57  Disruptor (Chrono Boost)  
  171  14:04  Protoss Shields Level 1 (Chrono Boost), Probe x3  
  171  14:06  Disruptor (Chrono Boost)  
  171  14:07  Stargate  
  172  14:21  Disruptor (Chrono Boost)  
  172  14:24  Shield Battery  
  173  14:28  Photon Cannon  
  173  14:30  Photon Cannon  
  176  14:31  Disruptor (Chrono Boost)  
  176  14:32  Photon Cannon, Stalker  
  176  14:33  Stalker x2  
  176  14:34  Shield Battery  
  182  14:44  Observer x2 (Chrono Boost)  
  182  14:47  Observer  
  181  14:55  Stalker x6  
  181  14:57  Observer (Chrono Boost)  
  181  14:58  Assimilator x2  
  194  15:05  Observer (Chrono Boost)  
  186  15:21  Stalker x3  
  186  15:22  Stalker x3  
  171  15:35  Observer  
  171  15:40  Probe  
  171  15:41  Disruptor  
  165  15:43  Observer  
  165  15:45  Stalker  
  165  15:46  Stalker x8  
  184  16:04  Disruptor  
  184  16:11  Nexus  
  187  16:12  Shadow Stride (Chrono Boost)  
  187  16:13  Dark Templar x6  
  199  16:19  Protoss Shields Level 2 (Chrono Boost)  
  199  16:20  Pylon  
  199  16:21  Probe  
  200  16:38  Pylon  
  198  17:02  Pylon  
  198  17:05  Dark Templar x7  
  198  17:07  Zealot x2  
  182  17:20  Probe, Shield Battery x2  
  182  17:21  Photon Cannon  
  183  17:23  Photon Cannon  
  183  17:24  Photon Cannon  
  183  17:26  Photon Cannon  
  183  17:28  Shield Battery  
  181  17:36  Stalker x2  
  161  17:38  Dark Templar x4  
  161  17:39  Zealot x3  
  145  18:00  Stalker x5  
  145  18:01  Probe  
  145  18:02  Probe  
  157  18:11  Assimilator  
  157  18:12  Assimilator  
  157  18:18  Stalker x4  
  159  18:24  Disruptor  
  159  18:25  Disruptor  
  165  18:30  Zealot x5  
  175  18:36  Observer  
  141  18:49  Zealot x3  
  141  18:52  Probe x2  
  144  18:59  Stalker x4  
  144  19:00  Stalker x2, Observer, Disruptor x2  
  162  19:13  Pylon  
  162  19:15  Stalker  
  162  19:16  Stalker x2  
  168  19:21  Pylon  
  167  19:28  Stalker x6  
  174  19:35  Disruptor  
  174  19:36  Disruptor  
  180  19:43  Stargate  
  180  19:44  Stalker x3  
  168  20:00  Probe  
  168  20:04  Stalker x5  
  168  20:05  Stalker  
  169  20:27  Stalker x2  
  169  20:28  Stalker x7  
  178  20:36  Observer  
  171  20:54  Nexus  
  171  20:55  Pylon  
  171  20:56  Disruptor  
  171  20:57  Disruptor  
  177  21:05  Stalker x7  
  177  21:06  Stalker x2  
  195  21:16  Shield Battery  
  187  21:18  Photon Cannon, Probe  
  170  21:30  Stalker x8  
  170  21:31  Stalker  
  159  21:33  Observer  

Tags
 
Add a new tag
Caveats
  • Supply blocks, unpowered buildings, or Contaminate may cause inaccurate times.
  • Supply counts are checked every 10 seconds.